 Dungeon Crawl Stone Soup version 0.29-a0-11-ga75d3d97ab (webtiles) character file.

Game seed: 15887379812907591524

34 bande the Covered (level 3, -6/23 HPs)
             Began as a Gargoyle Fighter on Jan 29, 2022.
             Mangled by Sigmund (10 damage)
             ... on level 2 of the Dungeon.
             The game lasted 00:02:28 (1351 turns).

bande the Covered (Gargoyle Fighter)                Turns: 1351, Time: 00:02:29

Health: -6/23      AC: 10    Str: 19    XL:     3   Next: 31%
Magic:  3/3        EV:  9    Int:  8    God:
Gold:   41         SH:  5    Dex: 11    Spells: 2/2 levels left

rFire   . . .      SeeInvis .   a - +0 war axe
rCold   . . .      Faith    .   c - +1 buckler
rNeg    + . .      Spirit   .   b - +0 scale mail
rPois   ∞          Reflect  .   (no helmet)
rElec   +          Harm     .   (no cloak)
rCorr   .          Rampage  .   (no gloves)
Will    .....                   (no boots)
Stlth   ..........              (no amulet)
HPRegen 0.07/turn               (no ring)
MPRegen 0.08/turn               (no ring)

@: mighty
A: sickness immunity, AC +3, negative energy resistance 1, electricity
resistance, torment resistance 1, petrification resistance
a: no special abilities


You were on level 2 of the Dungeon.
You visited 1 branch of the dungeon, and saw 2 of its levels.

You collected 41 gold pieces.

Inventory:

Hand Weapons
 a - a +0 war axe (weapon)
Armour
 b - a +0 scale mail (worn)
 c - a +1 buckler (worn)
Jewellery
 f - a ring of ice
Potions
 g - a potion of invisibility {unknown}


   Skills:
 + Level 3.5 Fighting
 + Level 2.4 Axes
 + Level 3.7 Armour
 + Level 3.5 Shields


You had 2 spell levels left.
You didn't know any spells.
Your spell library contained the following spells:

 Spells                   Type           Power      Damage    Failure   Level
 Summon Ice Beast         Ice/Summ       0%         N/A       100%        4
 Summon Mana Viper        Hex/Summ       0%         N/A       100%        5
 Monstrous Menagerie      Summ           0%         N/A       100%        7


Dungeon Overview and Level Annotations

Branches:
Dungeon (2/15)

Altars:

Annotations:
D:2 Sigmund


Innate Abilities, Weirdness & Mutations

You are immune to sickness and miasma.
Your stone body is resilient. (AC +3)
You are immune to poison.
You resist negative energy. (rN+)
You are resistant to electric shocks. (rElec)
You are resistant to unholy torment.
You are immune to petrification.


Message History

Found 11 gold pieces.
Sigmund shouts!
Sigmund is nearby!
You block Sigmund's attack.
A quokka comes into view.
You slash Sigmund!
Sigmund is moderately wounded.
Sigmund hits you with a +0 scythe!
You barely miss Sigmund.
Sigmund is moderately wounded.
The quokka bites you but does no damage.
Sigmund hits you with a +0 scythe!
You are too injured to fight recklessly!
You are too injured to fight recklessly!
You are too injured to fight recklessly!
You are too injured to fight recklessly!
You are too injured to fight recklessly!
You are too injured to fight recklessly!
You are too injured to fight recklessly!
Unknown command.
You feel very mighty all of a sudden. The quokka closely misses you.
You closely miss Sigmund.
Sigmund is moderately wounded.
You slash the quokka!
You kill the quokka!
Sigmund hits you with a +0 scythe.
* * * LOW HITPOINT WARNING * * *
Unknown command.
You slash Sigmund!
Sigmund is severely wounded.
Sigmund hits you but does no damage.
Unknown command.
You slash Sigmund!
Sigmund is almost dead.
Sigmund gestures wildly while chanting.
Sigmund flickers and vanishes!
Deactivating autopickup; reactivate with Ctrl-A.
Something hits you!
You die...

# #### .. (.# ...
#.# ....
#.#####.######.....
.......)...........
#.#####.###@####.#
#. #.# #{# #.# #.#
#.. #.# #.# ##.#
#.# #.# .. #.# #.#
#$# #.# #.#####.#
##.#####........ ..
+........####.#.


There were no monsters in sight!

Vanquished Creatures
  A worm (D:2)
  A dart slug (D:1)
  2 ball pythons (D:1)
  6 bats (D:1)
  An endoplasm (D:1)
  2 giant cockroaches (D:1)
  2 goblins (D:1)
  2 hobgoblins (D:1)
  5 kobolds (D:1)
  2 quokkas
  A frilled lizard (D:1)
  3 rats (D:1)
28 creatures vanquished.

Notes
Turn   | Place    | Note
-------+----------+-------------------------------------------
     0 | D:1      | bande the Gargoyle Fighter began the quest for the Orb.
     0 | D:1      | Reached XP level 1. HP: 14/14 MP: 1/1
   349 | D:1      | Reached XP level 2. HP: 19/19 MP: 2/2
   507 | D:1      | Reached XP level 3. HP: 15/23 MP: 3/3
  1344 | D:2      | Noticed Sigmund
  1351 | D:2      | Mangled by Sigmund

Illustrated notes

Levels and vault maps discovered:
D:1:      wander_arrival_abandoned_jail, layout_basic
D:2:      layout_basic, shapermc_ecumenical_altar_pompeii, minmay_tromino_v4_a,
          uniq_sigmund

Skill      XL: |  1  2 |
---------------+-------+-----
Axes           | 2 |  2.4
Fighting       | |  3.5
Armour         | |  3.7
Shields        | |  3.5

Action                   || total
-------------------------++-------
Melee: War axe           ||    60
  Use: Scroll            ||     1
       Potion            ||     1
Armor: Scale mail        ||    39
Dodge: Dodged            ||    35
Block: Buckler           ||    17

Table legend: (Time is in decaauts)
 A = Elapsed time spent in this place.
 B = Non-inter-level travel time spent in this place.
 C = Inter-level travel time spent in this place.
 D = Time resting spent in this place.
 E = Time spent auto-exploring this place.
 F = Levels seen in this place.
 G = Mean time per level.
                   A        B        C        D        E       F      G
               +--------+--------+--------+--------+--------+-----+--------+
         Total |   1376 |   1376 |      0 |    498 |    647 |   2 |  688.0 |
       Dungeon |   1376 |   1376 |      0 |    498 |    647 |   2 |  688.0 |
               +--------+--------+--------+--------+--------+-----+--------+

Top non-repeatable levels by time:
     D:1: 1146 daAuts
     D:2: 229 daAuts
